SL
CHICAGO HAWKS @ VANCOUVER GREY WOLVES
07/18/2022
 
TOP OF THE 1ST
Chicago Hawks batting - Pitching for Vancouver Grey Wolves : RHP Roderick Rhodes
Pitching: RHP Roderick Rhodes
Batting: RHB Ludwig Kluge 0-0: Ball
1-0: Foul Ball, location: 2F
1-1: Foul Ball, location: 2F
1-2: Ball
2-2: Strikes out swinging
Batting: RHB Chandler Bailey 0-0: Ground out 4-3 (Groundball, 4)
Batting: RHB Robbie Roach 0-0: Called Strike
0-1: Ground out 5-3 (Groundball, 56)
Top of the 1st over - 0 run(s), 0 hit(s), 0 error(s), 0 left on base; Chicago 0 - Vancouver 0
BOTTOM OF THE 1ST
Vancouver Grey Wolves batting - Pitching for Chicago Hawks : RHP Felipe Velázquez
Pitching: RHP Felipe Velázquez
Batting: SHB Gregg Wagner 0-0: Ball
1-0: Fly out, F7 (Flyball, 7S)
Batting: LHB David Hubbard 0-0: Foul Ball, location: 2F
0-1: Ball
1-1: Ball
2-1: Swinging Strike
2-2: Ground out 4-3 (Groundball, 4)
Batting: RHB Luis Muñóz 0-0: Called Strike
0-1: Ball
1-1: Ball
2-1: Foul Ball, location: 2F
2-2: Ball
3-2: Foul Ball, location: 2F
3-2: Foul Ball, location: 2F
3-2: Fly out, F6 (Popup, 6)
Bottom of the 1st over - 0 run(s), 0 hit(s), 0 error(s), 0 left on base; Chicago 0 - Vancouver 0
TOP OF THE 2ND
Chicago Hawks batting - Pitching for Vancouver Grey Wolves : RHP Roderick Rhodes
Batting: LHB Mal Wadley 0-0: Ball
1-0: SOLO HOME RUN (Line Drive, 9D), Distance : 361 ft
Batting: RHB Chris Smith 0-0: Foul Ball, location: 2F
0-1: Ground out 6-3 (Groundball, 6M)
Batting: LHB Bill Griffin 0-0: Called Strike
0-1: Called Strike
0-2: Hit by Pitch
Batting: RHB Ramón Gómez 0-0: Foul Ball, location: 2F
0-1: Ball
1-1: Ball
2-1: Swinging Strike
2-2: DOUBLE (Flyball, 89XD)
Bill Griffin to third
Batting: RHB Soseki Matsunaga 0-0: Ball
1-0: DOUBLE (Flyball, 78D)
Bill Griffin scores
Ramón Gómez scores
Batting: LHB Jeremiah Spencer 0-0: Called Strike
0-1: Called Strike
Soseki Matsunaga steals 3rd base
0-2: Strikes out swinging
Batting: RHB Ludwig Kluge 0-0: Called Strike
0-1: Called Strike
0-2: Strikes out swinging
Top of the 2nd over - 3 run(s), 3 hit(s), 0 error(s), 1 left on base; Chicago 3 - Vancouver 0
BOTTOM OF THE 2ND
Vancouver Grey Wolves batting - Pitching for Chicago Hawks : RHP Felipe Velázquez
Batting: LHB Min-heui Im 0-0: SINGLE (Line Drive, 9S)
Batting: LHB Héctor Cortéz 0-0: Swinging Strike
0-1: SINGLE (Groundball, 34D)
Min-heui Im to second
Runner from 2nd tries for 3rd, SAFE, throw made to third
Héctor Cortéz to second
Batting: LHB Timmy Appeldoorn 0-0: Ball
1-0: Ball
2-0: Called Strike
2-1: Ball
3-1: Foul Ball, location: 2F
3-2: Foul Ball, location: 2F
3-2: Strikes out swinging
Batting: SHB Todd Schenkel 0-0: Ball
1-0: Foul Ball, location: 2F
1-1: Called Strike
1-2: Strikes out swinging
Batting: RHB Ramón Cabral 0-0: SINGLE (Line Drive, 9S)
Min-heui Im scores
Héctor Cortéz to third
Runner from 3rd tries for Home, SAFE, no throw or cutoff
Batting: RHB Danny Walsh 0-0: Called Strike
0-1: Foul Ball, location: 2F
0-2: Fly out, F7 (Flyball, 78M)
Bottom of the 2nd over - 2 run(s), 3 hit(s), 0 error(s), 1 left on base; Chicago 3 - Vancouver 2
TOP OF THE 3RD
Chicago Hawks batting - Pitching for Vancouver Grey Wolves : RHP Roderick Rhodes
Batting: RHB Chandler Bailey 0-0: Ground out 5-3 (Groundball, 56S)
Batting: RHB Robbie Roach 0-0: Ball
1-0: Called Strike
1-1: Foul Ball, location: 2F
1-2: Ball
2-2: Foul Ball, location: 2F
2-2: Ball
3-2: Fly out, F6 (Line Drive, 6)
Batting: LHB Mal Wadley 0-0: Ball
1-0: Called Strike
1-1: Ball
2-1: Ball
3-1: Called Strike
3-2: Ground out 1-3 (Groundball, 15)
Top of the 3rd over - 0 run(s), 0 hit(s), 0 error(s), 0 left on base; Chicago 3 - Vancouver 2
BOTTOM OF THE 3RD
Vancouver Grey Wolves batting - Pitching for Chicago Hawks : RHP Felipe Velázquez
Batting: SHB Gregg Wagner 0-0: Swinging Strike
0-1: Ball
1-1: Ball
2-1: TRIPLE (Flyball, 8RXD)
Batting: LHB David Hubbard 0-0: Ball
1-0: Foul Ball, location: 2F
1-1: Called Strike
1-2: Foul Ball, location: 2F
1-2: Ball
2-2: Ball
3-2: Ground out 4-3 (Groundball, 4)
Gregg Wagner scores
Batting: RHB Luis Muñóz 0-0: Foul Ball, location: 2F
0-1: Ball
1-1: Ground out 4-3 (Groundball, 4)
Batting: LHB Min-heui Im 0-0: Ball
1-0: Ground out 3-1 (Groundball, 34S)
Bottom of the 3rd over - 1 run(s), 1 hit(s), 0 error(s), 0 left on base; Chicago 3 - Vancouver 3
TOP OF THE 4TH
Chicago Hawks batting - Pitching for Vancouver Grey Wolves : RHP Roderick Rhodes
Batting: RHB Chris Smith 0-0: Called Strike
0-1: Called Strike
0-2: Strikes out swinging
Batting: LHB Bill Griffin 0-0: Ball
1-0: Ground out 4-3 (Groundball, 4M)
Batting: RHB Ramón Gómez 0-0: Ball
1-0: Swinging Strike
1-1: Ball
2-1: Bunt missed!
2-2: Foul Ball, location: 2F
2-2: Ball
3-2: SINGLE (Line Drive, 89M)
Batting: RHB Soseki Matsunaga 0-0: Ball
1-0: Ball
2-0: Ball
3-0: Base on Balls
Ramón Gómez to second
Batting: LHB Jeremiah Spencer 0-0: 3-RUN HOME RUN (Flyball, 9LD), Distance : 345 ft
Batting: RHB Ludwig Kluge 0-0: Ball
1-0: Swinging Strike
1-1: Swinging Strike
1-2: Ball
2-2: Ball
3-2: Strikes out looking
Top of the 4th over - 3 run(s), 2 hit(s), 0 error(s), 0 left on base; Chicago 6 - Vancouver 3
BOTTOM OF THE 4TH
Vancouver Grey Wolves batting - Pitching for Chicago Hawks : RHP Felipe Velázquez
Batting: LHB Héctor Cortéz 0-0: Hit by Pitch
Batting: LHB Timmy Appeldoorn 0-0: Ball
1-0: Ball
2-0: 2-RUN HOME RUN (Flyball, 9D), Distance : 347 ft
Batting: SHB Todd Schenkel 0-0: Called Strike
0-1: Ball
1-1: Foul Ball, location: 2F
1-2: Ground out 4-3 (Groundball, 4)
Batting: RHB Ramón Cabral 0-0: Foul Ball, location: 2F
0-1: Called Strike
0-2: Ball
1-2: Ball
2-2: Ball
3-2: Base on Balls
Batting: RHB Danny Walsh 0-0: Called Strike
0-1: Ball
Passed Ball!
Ramón Cabral to second
1-1: Ball
2-1: Called Strike
2-2: Ground out 5-3 (Groundball, 5)
Batting: SHB Gregg Wagner 0-0: Ball
1-0: Fly out, F8 (Flyball, 89D)
Bottom of the 4th over - 2 run(s), 1 hit(s), 0 error(s), 1 left on base; Chicago 6 - Vancouver 5
TOP OF THE 5TH
Chicago Hawks batting - Pitching for Vancouver Grey Wolves : RHP Roderick Rhodes
Batting: RHB Chandler Bailey 0-0: Called Strike
0-1: Called Strike
0-2: Ground out 6-3 (Groundball, 6)
Batting: RHB Robbie Roach 0-0: Ball
1-0: Ball
2-0: Called Strike
2-1: Ball
3-1: Base on Balls
Batting: LHB Mal Wadley 0-0: Ball
1-0: Ball
2-0: Swinging Strike
2-1: Ball
Robbie Roach steals 2nd base
3-1: Fly out, F2 (Popup, 2LF)
Batting: RHB Chris Smith 0-0: Ball
1-0: Ball
2-0: Ball
3-0: Ground out 5-3 (Groundball, 56)
Top of the 5th over - 0 run(s), 0 hit(s), 0 error(s), 1 left on base; Chicago 6 - Vancouver 5
BOTTOM OF THE 5TH
Vancouver Grey Wolves batting - Pitching for Chicago Hawks : RHP Felipe Velázquez
Batting: LHB David Hubbard 0-0: Ball
1-0: Foul Ball, location: 2F
1-1: Fly out, F8 (Flyball, 8LM)
Batting: RHB Luis Muñóz 0-0: Ball
1-0: Foul Ball, location: 2F
1-1: Fly out, F9 (Flyball, 89M)
Batting: LHB Min-heui Im 0-0: SINGLE (Line Drive, 6MD)
Batting: LHB Héctor Cortéz 0-0: Ground out U3 (Groundball, 3)
Bottom of the 5th over - 0 run(s), 1 hit(s), 0 error(s), 1 left on base; Chicago 6 - Vancouver 5
TOP OF THE 6TH
Chicago Hawks batting - Pitching for Vancouver Grey Wolves : RHP Roderick Rhodes
Batting: LHB Bill Griffin 0-0: Ball
1-0: Ball
2-0: Called Strike
2-1: Foul Ball, location: 2F
2-2: SINGLE (Groundball, 4MD)
Batting: RHB Ramón Gómez 0-0: Ball
1-0: Ball
2-0: Ball
3-0: Called Strike
3-1: Foul Ball, location: 2F
3-2: Foul Ball, location: 2F
3-2: SINGLE (Line Drive, 56)
Bill Griffin to second
Batting: RHB Soseki Matsunaga 0-0: Ball
1-0: Ball
2-0: DOUBLE (Flyball, 8LXD)
Bill Griffin scores
Ramón Gómez to third
Pitching: RHP Francis Cahill
Batting: LHB Jeremiah Spencer 0-0: Ball
1-0: Foul Ball, location: 2F
1-1: Ball
2-1: Ground out 6-3 (Groundball, 6)
Ramón Gómez scores
Batting: RHB Ludwig Kluge 0-0: Called Strike
Soseki Matsunaga steals 3rd base
0-1: Swinging Strike
0-2: Fly out, F4 (Popup, 4M)
Batting: RHB Chandler Bailey 0-0: Called Strike
0-1: Ball
1-1: Fly out, F8 (Line Drive, 8RM)
Top of the 6th over - 2 run(s), 3 hit(s), 0 error(s), 1 left on base; Chicago 8 - Vancouver 5
BOTTOM OF THE 6TH
Vancouver Grey Wolves batting - Pitching for Chicago Hawks : RHP Felipe Velázquez
Batting: LHB Timmy Appeldoorn 0-0: SINGLE (Groundball, 34D)
Batting: SHB Todd Schenkel 0-0: Fly out, F8 (Popup, 8RS)
Batting: RHB Ramón Cabral 0-0: Ball
1-0: Swinging Strike
1-1: Called Strike
1-2: Strikes out looking
Batting: RHB Danny Walsh 0-0: Called Strike
0-1: Called Strike
0-2: Ball
1-2: Ball
2-2: Foul Ball, location: 2F
2-2: Ball
3-2: Base on Balls
Timmy Appeldoorn to second
Batting: SHB Gregg Wagner 0-0: Ball
1-0: SINGLE (Groundball, 56D)
Timmy Appeldoorn to third
Danny Walsh to second
Runner from 3rd tries for Home, SAFE, throw made home
Danny Walsh to third
Gregg Wagner to second
Pitching: LHP Fernando Castro
Batting: LHB David Hubbard 0-0: Ball
1-0: Foul Ball, location: 2F
1-1: Ball
2-1: Called Strike
2-2: Foul Ball, location: 2F
2-2: Foul Ball, location: 2F
2-2: Ground out 1-3 (Groundball, 25)
Bottom of the 6th over - 1 run(s), 2 hit(s), 0 error(s), 2 left on base; Chicago 8 - Vancouver 6
TOP OF THE 7TH
Chicago Hawks batting - Pitching for Vancouver Grey Wolves : RHP Francis Cahill
Batting: RHB Robbie Roach 0-0: Called Strike
0-1: Called Strike
0-2: Ball
1-2: Foul Ball, location: 2F
1-2: Ball
2-2: Ball
3-2: Ground out 6-3 (Groundball, 6)
Batting: LHB Mal Wadley 0-0: Ball
1-0: Called Strike
1-1: Ground out U3 (Groundball, 3L)
Batting: RHB Chris Smith 0-0: Foul Ball, location: 2F
0-1: Ball
1-1: Ball
2-1: Called Strike
2-2: Strikes out looking
Top of the 7th over - 0 run(s), 0 hit(s), 0 error(s), 0 left on base; Chicago 8 - Vancouver 6
BOTTOM OF THE 7TH
Vancouver Grey Wolves batting - Pitching for Chicago Hawks : LHP Fernando Castro
Batting: RHB Luis Muñóz 0-0: Foul Ball, location: 2F
0-1: Foul Ball, location: 2F
0-2: Ball
1-2: Ball
2-2: Ball
3-2: SINGLE (Line Drive, 34)
Batting: LHB Min-heui Im 0-0: Swinging Strike
0-1: Ball
1-1: Ball
2-1: Ball
3-1: Foul Ball, location: 2F
3-2: Foul Ball, location: 2F
3-2: Foul Ball, location: 2F
3-2: Foul Ball, location: 2F
3-2: Foul Ball, location: 2F
3-2: Foul Ball, location: 2F
3-2: Foul Ball, location: 2F
3-2: Base on Balls
Luis Muñóz to second
Batting: LHB Héctor Cortéz 0-0: Ball
1-0: Ground out U3 (Groundball, 3S)
Luis Muñóz to third
Min-heui Im to second
Batting: LHB Timmy Appeldoorn 0-0: Ball
1-0: Ball
2-0: SINGLE (Line Drive, 34D)
Luis Muñóz scores
Min-heui Im to third
Pinch Hitting: RHB Jian-zhang Phan 0-0: Ball
1-0: Foul Ball, location: 2F
1-1: SINGLE (Flyball, 8RS)
Min-heui Im scores
Timmy Appeldoorn to second
Runner from 2nd tries for 3rd, SAFE, throw made to third
Batting: RHB Ramón Cabral 0-0: Called Strike
0-1: Ball
1-1: Foul Ball, location: 2F
1-2: Ball
2-2: Fly out, F7 (Flyball, 7D)
Runner from 3rd tags up, SCORES, no throw
Pitching: RHP Joaquín Rodríguez
Batting: RHB Danny Walsh 0-0: Foul Ball, location: 2F
0-1: Swinging Strike
0-2: Foul Ball, location: 2F
0-2: Ball
Passed Ball!
Jian-zhang Phan to second
1-2: Fly out, F9 (Flyball, 9M)
Bottom of the 7th over - 3 run(s), 3 hit(s), 0 error(s), 1 left on base; Chicago 8 - Vancouver 9
TOP OF THE 8TH
Chicago Hawks batting - Pitching for Vancouver Grey Wolves : RHP Francis Cahill
Pitching: LHP Will Savage
Now at 2B: Harris Harden
Batting: LHB Bill Griffin 0-0: Called Strike
0-1: Ball
1-1: SINGLE (Groundball, 4MD)
Pitching: RHP David Collingwood
Batting: RHB Ramón Gómez 0-0: Ball
1-0: Ball
2-0: SINGLE (Groundball, 56D)
Bill Griffin to second
Pinch Hitting: RHB Yoshio Matsuo 0-0: Sac Bunt - play at first, batter OUT! 1-4
Bill Griffin to third
Ramón Gómez to second
Pitching: RHP Bill Ball
Batting: LHB Jeremiah Spencer 0-0: Called Strike
0-1: Ball
1-1: Ball
2-1: Ball
3-1: Fly out, F8 (Flyball, 8RD)
Runner from 3rd tags up, SCORES, throw made
Batting: RHB Ludwig Kluge 0-0: Ball
1-0: Fly out, F4 (Popup, 34)
Top of the 8th over - 1 run(s), 2 hit(s), 0 error(s), 1 left on base; Chicago 9 - Vancouver 9
BOTTOM OF THE 8TH
Vancouver Grey Wolves batting - Pitching for Chicago Hawks : RHP Joaquín Rodríguez
Now at 2B: José Lozano
Batting: SHB Gregg Wagner 0-0: Ball
1-0: Called Strike
1-1: Called Strike
1-2: Ball
2-2: Ball
3-2: Base on Balls
Batting: LHB David Hubbard 0-0: Called Strike
0-1: Foul Ball, location: 2F
0-2: Ball
Gregg Wagner is caught stealing 2nd base
1-2: Ground out 1-3 (Groundball, 25)
Batting: RHB Luis Muñóz 0-0: Called Strike
0-1: Ground out 5-3 (Groundball, 56)
Bottom of the 8th over - 0 run(s), 0 hit(s), 0 error(s), 0 left on base; Chicago 9 - Vancouver 9
TOP OF THE 9TH
Chicago Hawks batting - Pitching for Vancouver Grey Wolves : RHP Bill Ball
Pitching: LHP Kevin Woods
Batting: RHB Chandler Bailey 0-0: Called Strike
0-1: Ball
1-1: Fly out, F8 (Line Drive, 8LM)
Batting: RHB Robbie Roach 0-0: Called Strike
0-1: Foul Ball, location: 2F
0-2: Ball
1-2: Ground out 1-3 (Groundball, 15)
Batting: LHB Mal Wadley 0-0: Ball
1-0: Ball
2-0: Ground out 2-3 (Groundball, 2R)
Top of the 9th over - 0 run(s), 0 hit(s), 0 error(s), 0 left on base; Chicago 9 - Vancouver 9
BOTTOM OF THE 9TH
Vancouver Grey Wolves batting - Pitching for Chicago Hawks : RHP Joaquín Rodríguez
Batting: LHB Min-heui Im 0-0: Ball
1-0: Foul Ball, location: 2F
1-1: Foul Ball, location: 2F
1-2: Strikes out swinging
Batting: LHB Héctor Cortéz 0-0: Ball
1-0: Ball
2-0: Called Strike
2-1: Foul Ball, location: 2F
2-2: Fly out, F9 (Flyball, 89XD)
Batting: LHB Timmy Appeldoorn 0-0: Ball
1-0: Foul Ball, location: 2F
1-1: Foul Ball, location: 2F
1-2: SINGLE (Line Drive, 9LS)
Pinch Hitting: LHB Felipe López 0-0: Called Strike
0-1: Ball
1-1: Called Strike
1-2: Foul Ball, location: 2F
1-2: Foul Ball, location: 2F
1-2: Ball
2-2: Fielders Choice at 2nd, 5-4 (Groundball, 56)
Bottom of the 9th over - 0 run(s), 1 hit(s), 0 error(s), 0 left on base; Chicago 9 - Vancouver 9
TOP OF THE 10TH
Chicago Hawks batting - Pitching for Vancouver Grey Wolves : LHP Kevin Woods
Now at 2B: John Huff
Batting: RHB Chris Smith 0-0: Called Strike
0-1: Foul Ball, location: 2F
0-2: Foul Ball, location: 2F
0-2: SINGLE (Line Drive, 9LS)
Batting: LHB Bill Griffin 0-0: Called Strike
0-1: Grounds out, U3 (Groundball, 3L)
Batting: RHB Ramón Gómez 0-0: Ball
1-0: Called Strike
1-1: Ground out 4-3 (Groundball, 4)
Chris Smith to third
Batting: RHB José Lozano 0-0: Swinging Strike
0-1: Foul Ball, location: 2F
0-2: Ball
1-2: Strikes out swinging
Top of the 10th over - 0 run(s), 1 hit(s), 0 error(s), 1 left on base; Chicago 9 - Vancouver 9
BOTTOM OF THE 10TH
Vancouver Grey Wolves batting - Pitching for Chicago Hawks : RHP Joaquín Rodríguez
Batting: RHB Ramón Cabral 0-0: Called Strike
0-1: Fly out, F7 (Flyball, 78S)
Batting: RHB Danny Walsh 0-0: Foul Ball, location: 2F
0-1: Reached on error, E5 (Groundball, 56)
Batting: SHB Gregg Wagner 0-0: Fly out, F4 (Popup, 4M)
Batting: LHB David Hubbard 0-0: Ball
1-0: Swinging Strike
1-1: Foul Ball, location: 2F
1-2: Ball
2-2: SINGLE (Flyball, 8RS)
Danny Walsh to second
Batting: RHB Luis Muñóz 0-0: Ball
1-0: Ball
2-0: Ball
3-0: Called Strike
3-1: Base on Balls
Danny Walsh to third
David Hubbard to second
Pitching: RHP Robinson Gonzáles
Batting: LHB Min-heui Im 0-0: Called Strike
0-1: SINGLE (Groundball, 4MD)
Danny Walsh scores
This league is powered by Out of the Park Baseball, the baseball management simulation game for PC, Mac and Linux
Friday, April 15th, 2016 - OOTP Baseball 16.9 Build 39